[Event "ICC tourney 2010 (45 10)"]
[Site "Internet Chess Club"]
[Date "2020.09.19"]
[Round "2"]
[White "funplaychess"]
[Black "challenger2010"]
[Result "0-1"]
[ICCResult "White resigns"]
[WhiteElo "2347"]
[BlackElo "2169"]
[Opening "Catalan opening"]
[ECO "E00"]
[NIC "CA.01"]
[Time "13:31:54"]
[TimeControl "2700+10"]

1. d4 Nf6 2. c4 e6 3. g3 Bb4+ 4. Bd2 a5 5. Bg2 O-O 6. Nf3 d6 7. Nc3 Nbd7 8.
O-O Bxc3 9. Bxc3 Ne4 10. Be1 f5 11. Nd2 Ndf6 12. Nb1 b6 13. f3 Ng5 14. Nc3
Bb7 15. Rc1 Qe7 16. Bf2 d5 17. Qb3 Qb4 18. cxd5 Nxd5 19. Nxd5 Bxd5 20. Qe3
Nf7 21. Rxc7 Qxb2 22. a3 Rac8 23. Rfc1 Rxc7 24. Rxc7 b5 25. Be1 b4 26. axb4
axb4 27. Qc1 Qxd4+ 28. Bf2 Qe5 29. f4 Qxe2 30. Bxd5 exd5 31. Bc5 Re8 32.
Bxb4 h5 33. Qd2 Qf3 34. Rc3 Qe4 35. Bc5 Rb8 36. Rc1 Rb1 37. Rxb1 Qxb1+ 38.
Kf2 Qh1 39. Ke3 Nh6 40. Qe2 Qg1+ 41. Kd2 Qxc5 42. Qe8+ Kh7 43. Qxh5 d4 44.
g4 Qc3+ 45. Kd1 Qf3+ 46. Kc1 Qxf4+ 47. Kb2 Qxg4 48. Qe8 d3 49. Kc3 Qe2 50.
Qd7 d2 51. Qxd2 Qxd2+ 52. Kxd2 g5 53. Ke3 Ng4+ 54. Kd4 Nxh2 55. Ke5 Kg6 56.
Ke6 f4 {White resigns} 0-1

[Event "ICC tourney 2010 (45 10)"]
[Site "Internet Chess Club"]
[Date "2020.09.19"]
[Round "2"]
[White "musk6868"]
[Black "Xuanli28"]
[Result "0-1"]
[ICCResult "White resigns"]
[WhiteElo "2055"]
[BlackElo "2259"]
[Opening "Sicilian: dragon, Yugoslav attack"]
[ECO "B75"]
[NIC "SI.17"]
[Time "13:32:09"]
[TimeControl "2700+10"]

1. e4 c5 2. Nf3 d6 3. d4 cxd4 4. Nxd4 Nf6 5. Nc3 g6 6. Be3 Bg7 7. f3 a6 8.
Qd2 h5 9. O-O-O b5 10. Kb1 Bb7 11. Bd3 Nbd7 12. h3 Rc8 13. g4 Ne5 14. g5
Nfd7 15. f4 Nc4 16. Bxc4 Rxc4 17. Rhf1 Nc5 18. f5 Nxe4 19. Nxe4 Bxe4 20.
fxg6 Bxg6 21. Nf5 Be5 22. Bd4 Bxf5 23. Bxe5 Rxc2 24. Rxf5 Rxd2 25. Rxd2 Qc8
26. Rdf2 dxe5 27. Rxf7 Qxh3 28. a3 Qd3+ 29. Ka1 Qd1+ 30. Ka2 Qd5+
{White resigns}
0-1

[Event "ICC tourney 2010 (45 10)"]
[Site "Internet Chess Club"]
[Date "2020.09.19"]
[Round "2"]
[White "saiabhi29"]
[Black "tedchen"]
[Result "0-1"]
[ICCResult "White resigns"]
[WhiteElo "2055"]
[BlackElo "2366"]
[Opening "Queen's pawn, Mason variation, Steinitz counter-gambit"]
[ECO "D00"]
[NIC "QP.08"]
[Time "13:31:59"]
[TimeControl "2700+10"]

1. d4 d5 2. Bf4 c5 3. e3 Nf6 4. c3 Nc6 5. Nd2 Bf5 6. Qb3 Qc8 7. Bb5 e6 8.
Ngf3 a6 9. Bxc6+ bxc6 10. Qa4 Nd7 11. O-O Be7 12. Rfe1 O-O 13. e4 Bg6 14.
Ne5 Nxe5 15. Bxe5 Qb7 16. Rab1 cxd4 17. Qxd4 Rfd8 18. Qe3 f6 19. Bd4 c5 20.
Bxc5 Bxc5 21. Qxc5 dxe4 22. Qe3 Rd3 23. Qe2 f5 24. Nc4 Rad8 25. Ne5 Rd2 26.
Qc4 R8d5 27. Nc6 f4 28. Nb4 e3 29. fxe3 Rxg2+ 30. Kf1 Rdd2 31. Qxf4 Rg1+
{White resigns}
0-1

[Event "ICC tourney 2010 (45 10)"]
[Site "Internet Chess Club"]
[Date "2020.09.19"]
[Round "2"]
[White "espark"]
[Black "Tombstone"]
[Result "1-0"]
[ICCResult "Black checkmated"]
[WhiteElo "2310"]
[BlackElo "2019"]
[Opening "Sicilian: Najdorf"]
[ECO "B90"]
[NIC "SI.14"]
[Time "13:31:50"]
[TimeControl "2700+10"]

1. e4 c5 2. Nf3 d6 3. d4 cxd4 4. Nxd4 Nf6 5. Nc3 a6 6. a3 e5 7. Nf5 Bxf5 8.
exf5 h6 9. Bc4 Qc8 10. Qd3 Nc6 11. Nd5 Nxd5 12. Bxd5 Nd4 13. c3 Nc6 14. O-O
Be7 15. Be3 Qd7 16. Rfd1 O-O 17. a4 Rfe8 18. a5 Rac8 19. Qe4 Bf8 20. f6 Kh8
21. Qh4 Kh7 22. Be4+ g6 23. Rd3 Qd8 24. Bxh6 Bxh6 25. Rh3 Kg8 26. g4 Re6 27.
Qxh6 Qxf6 28. Qh7+ Kf8 29. Qh8+ Ke7 30. Qxc8 Nd8 31. Bd5 Qg5 32. Qc7+ Kf8
33. Bxe6 Nxe6 34. Qxd6+ Kg7 35. Re1 Qxg4+ 36. Rg3 Qh4 37. Qxe5+ Kg8 38. Qb8+
Kg7 39. Rxe6 fxe6 40. Qxb7+ Kg8 41. Rxg6+ Kh8 42. Qg7# {Black checkmated}
1-0

[Event "ICC tourney 2010 (45 10)"]
[Site "Internet Chess Club"]
[Date "2020.09.19"]
[Round "2"]
[White "GGuseinov"]
[Black "jy2020"]
[Result "1-0"]
[ICCResult "Black resigns"]
[WhiteElo "2717"]
[BlackElo "2240"]
[Opening "Sicilian: closed"]
[ECO "B23"]
[NIC "SI.44"]
[Time "13:31:49"]
[TimeControl "2700+10"]

1. e4 c5 2. Nc3 d6 3. Bb5+ Bd7 4. Bxd7+ Qxd7 5. d4 cxd4 6. Qxd4 Nc6 7. Qd3
g6 8. Nf3 Bg7 9. O-O Nf6 10. Nd5 O-O 11. Bg5 Ne8 12. c3 e6 13. Ne3 h6 14.
Bh4 g5 15. Nxg5 hxg5 16. Bxg5 Nf6 17. f4 Nh7 18. Bh4 f5 19. exf5 exf5 20.
Rad1 Rae8 21. Nc4 Re6 22. Qd5 Kh8 23. Nxd6 Nf6 24. Bxf6 Rexf6 25. Rf3 Qe6
26. Qxe6 Rxe6 27. Nxb7 Rfe8 28. Nd6 Re1+ 29. Rf1 Rxf1+ 30. Kxf1 Rf8 31. Rd5
Ne7 32. Ra5 Rf6 33. Ne8 Nc6 34. Ra6 Rh6 35. Nxg7 Kxg7 36. b4 Re6 37. b5 Nd8
38. Rxa7+ Kf6 39. Ra6 Rxa6 40. bxa6 Nc6 41. h3 Ke6 42. g4 fxg4 43. hxg4 Kd5
44. g5 Kc5 45. g6 Kb6 46. g7 Ne7 47. f5 Ng8 48. Ke2 Kxa6 49. Ke3 Kb5 50. Kd4
Kc6 51. Ke5 Kd7 52. a4 Ke7 53. a5 Kf7 54. a6 Ne7 55. f6 Nc8 56. c4 Na7 57.
Kd6 Nc8+ 58. Kc7 Na7 59. Kb7 {Black resigns} 1-0

[Event "ICC tourney 2010 (45 10)"]
[Site "Internet Chess Club"]
[Date "2020.09.19"]
[Round "2"]
[White "pawnpush202044"]
[Black "vikram251107"]
[Result "0-1"]
[ICCResult "White resigns"]
[WhiteElo "1941"]
[BlackElo "2022"]
[Opening "King's Indian: orthodox, Aronin-Taimanov, 9.Ne1"]
[ECO "E98"]
[NIC "KI.03"]
[Time "13:31:55"]
[TimeControl "2700+10"]

1. c4 Nf6 2. d4 g6 3. Nc3 Bg7 4. e4 d6 5. Nf3 O-O 6. Be2 e5 7. O-O Nc6 8. d5
Ne7 9. Ne1 Ne8 10. Be3 f5 11. f3 f4 12. Bf2 g5 13. Nd3 Nf6 14. Rc1 h5 15. c5
Bd7 16. Qb3 b6 17. cxd6 cxd6 18. Nxe5 dxe5 19. d6+ Kh7 20. dxe7 Qxe7 21.
Rfd1 g4 22. Bh4 Be6 23. Nd5 Bxd5 24. exd5 Rad8 25. Qd3+ Kh8 26. d6 Qe6 27.
Rc7 gxf3 28. gxf3 Rg8 29. Qg6 Rxd6 30. Rxd6 Qxd6 31. Rxa7 Ne8 32. Bd3 Qxg6+
33. Bxg6 e4 34. fxe4 Bd4+ {White resigns} 0-1

[Event "ICC tourney 2010 (45 10)"]
[Site "Internet Chess Club"]
[Date "2020.09.19"]
[Round "2"]
[White "xyzchessdude"]
[Black "EsatERGIN"]
[Result "1-0"]
[ICCResult "Black resigns"]
[WhiteElo "2062"]
[BlackElo "2063"]
[Opening "Queen's pawn: London system"]
[ECO "A45"]
[NIC "QP.07"]
[Time "13:31:54"]
[TimeControl "2700+10"]

1. d4 Nf6 2. Bf4 d5 3. e3 c5 4. c3 Nc6 5. Nd2 Qb6 6. Qb3 c4 7. Qc2 Bg4 8. e4
e6 9. Ngf3 Be7 10. Ne5 Bh5 11. Be3 O-O 12. h3 Qc7 13. g4 Bg6 14. Nxg6 hxg6
15. Bg2 dxe4 16. Nxe4 Nd5 17. O-O f5 18. Nc5 Nxe3 19. fxe3 Bxc5 20. dxc5 Ne5
21. Qe2 Qxc5 22. Rad1 Nd3 23. b3 Rad8 24. bxc4 Qxc4 25. e4 f4 26. e5 Qxc3
27. Kh2 g5 {Black resigns} 1-0

[Event "ICC tourney 2010 (45 10)"]
[Site "Internet Chess Club"]
[Date "2020.09.19"]
[Round "2"]
[White "WonderZ"]
[Black "helavir"]
[Result "0-1"]
[ICCResult "White resigns"]
[WhiteElo "2134"]
[BlackElo "2641"]
[Opening "QGD: semi-Slav, Marshall gambit"]
[ECO "D31"]
[NIC "SL.06"]
[Time "13:32:11"]
[TimeControl "2700+10"]

1. d4 d5 2. c4 e6 3. Nc3 c6 4. e4 Bb4 5. e5 Ne7 6. a3 Bxc3+ 7. bxc3 c5 8.
Nf3 Nbc6 9. Bg5 h6 10. Be3 cxd4 11. cxd4 b6 12. Rc1 Ba6 13. cxd5 Qxd5 14.
Bxa6 Qa5+ 15. Nd2 Qxa6 16. Nc4 O-O 17. O-O Nf5 18. Qg4 Nce7 19. Nd6 Qxa3 20.
Bf4 Rad8 21. Rfd1 Qb3 22. h4 Qd5 23. h5 Rd7 24. Rd3 Rfd8 25. Rcc3 Nxd6 26.
exd6 Qf5 27. Qg3 Nd5 28. Bxh6 Qh7 29. Bg5 f6 30. Bf4 Nxc3 31. Rxc3 Qxh5 32.
Qe3 Qd1+ 33. Kh2 Kf7 34. Rc7 Qh5+ 35. Kg1 g5 36. Bg3 Qd1+ {White resigns}
0-1

[Event "ICC tourney 2010 (45 10)"]
[Site "Internet Chess Club"]
[Date "2020.09.19"]
[Round "2"]
[White "Bushchess"]
[Black "JunlinTheWorld"]
[Result "1-0"]
[ICCResult "Black resigns"]
[WhiteElo "2176"]
[BlackElo "1874"]
[Opening "English: symmetrical, main line with d3"]
[ECO "A38"]
[NIC "EO.27"]
[Time "13:32:01"]
[TimeControl "2700+10"]

1. Nf3 Nf6 2. g3 g6 3. Bg2 Bg7 4. O-O O-O 5. c4 c5 6. Nc3 Nc6 7. d3 d6 8.
Bd2 Bd7 9. Rb1 a5 10. Nb5 Ne8 11. Bc3 Nc7 12. Bxg7 Kxg7 13. Nxc7 Qxc7 14. e3
Bf5 15. Nh4 Be6 16. f4 f5 17. Qd2 Bd7 18. Qc3+ e5 19. Nf3 Be6 20. fxe5 dxe5
21. Rfe1 Qd6 22. Rbd1 Rad8 23. b3 h6 24. Qb2 Kh7 25. Rd2 g5 26. Ree2 Rf7 27.
Qb1 Kg7 28. Qe1 g4 29. Nh4 Rf6 30. Qa1 Nb4 31. Bf1 Nxd3 32. Rf2 f4 33. Rxd3
Qxd3 34. Bxd3 Rxd3 35. exf4 e4 36. Re2 e3 37. Ng2 Kf7 38. Nxe3 {Black
resigns} 1-0

[Event "ICC tourney 2010 (45 10)"]
[Site "Internet Chess Club"]
[Date "2020.09.19"]
[Round "2"]
[White "SkyAngel"]
[Black "TjkTiger"]
[Result "0-1"]
[ICCResult "White resigns"]
[WhiteElo "2169"]
[BlackElo "2612"]
[Opening "Queen's pawn: London system"]
[ECO "A45"]
[NIC "QP.07"]
[Time "13:32:34"]
[TimeControl "2700+10"]

1. d4 Nf6 2. Bf4 c5 3. d5 d6 4. Nc3 e5 5. Bd2 e4 6. e3 a6 7. a4 g6 8. Nge2
Bg7 9. Ng3 Qe7 10. Bc4 h5 11. h3 Nbd7 12. a5 O-O 13. O-O b5 14. axb6 Nxb6
15. b3 Bb7 16. f3 exf3 17. Qxf3 Qe5 18. e4 Qd4+ 19. Rf2 Nxc4 20. bxc4 Nd7
21. Qe2 Nb6 22. Rb1 Nxc4 23. Be1 Bc8 24. Rd1 Qe3 25. Qxc4 Qxg3 26. Rf3 Qg5
27. Bg3 Bxh3 28. gxh3 h4 29. e5 hxg3 30. exd6 Bd4+ 31. Kg2 Rae8 32. Rxd4
cxd4 33. Qxd4 Qe5 34. Qxe5 Rxe5 35. Rxg3 Rd8 36. Kf2 Rxd6 37. Re3 Rh5 38.
Ne4 Rf5+ 39. Rf3 Rdxd5 40. Nf6+ Rxf6 41. Rxf6 Rf5+ 42. Rxf5 gxf5 43. c4 a5
44. c5 Kf8 {White resigns} 0-1

[Event "ICC tourney 2010 (45 10)"]
[Site "Internet Chess Club"]
[Date "2020.09.19"]
[Round "2"]
[White "GutsyEdge"]
[Black "KnightHopper"]
[Result "1-0"]
[ICCResult "Black resigns"]
[WhiteElo "2083"]
[BlackElo "2029"]
[Opening "QGD Slav: exchange variation"]
[ECO "D13"]
[NIC "SL.02"]
[Time "13:32:25"]
[TimeControl "2700+10"]

1. d4 d5 2. c4 c6 3. cxd5 cxd5 4. Nf3 Nf6 5. Nc3 Nc6 6. Bf4 Qb6 7. a3 Bg4 8.
Ne5 Qxb2 9. Rc1 e6 10. Rc2 Qb3 11. Nxg4 Nxg4 12. e3 Bxa3 13. Na2 O-O 14. Bd3
Nb4 15. Nxb4 Bxb4+ 16. Ke2 Rac8 17. Kf3 Nf6 18. Kg3 Rxc2 19. Bxc2 Qc3 20.
Be5 Be7 21. Qb1 Qb4 22. Bxf6 gxf6 23. Bxh7+ Kg7 24. Qd3 Qd6+ 25. f4 f5 26.
Kf3 Kxh7 27. g4 Qd7 28. Rg1 Rg8 29. g5 b5 30. Qf1 Kg7 31. h4 b4 32. h5 b3
33. g6 Bh4 34. Qh3 Qe7 35. h6+ Kxh6 36. Rg5 fxg6 37. Qxh4+ Kg7 38. Rxg6+
Kxg6 39. Qxe7 Rb8 40. Qxe6+ Kh7 41. Qxf5+ {Black resigns} 1-0

[Event "ICC tourney 2010 (45 10)"]
[Site "Internet Chess Club"]
[Date "2020.09.19"]
[Round "2"]
[White "tcao"]
[Black "lmperatorX"]
[Result "1-0"]
[ICCResult "Black resigns"]
[WhiteElo "2040"]
[BlackElo "2099"]
[Opening "Sicilian: Najdorf, Byrne (English) attack"]
[ECO "B90"]
[NIC "SI.14"]
[Time "13:31:50"]
[TimeControl "2700+10"]

1. e4 c5 2. Nf3 d6 3. d4 cxd4 4. Nxd4 Nf6 5. Nc3 a6 6. Be3 e5 7. Nb3 Be7 8.
Be2 Be6 9. O-O O-O 10. f4 exf4 11. Rxf4 Nc6 12. Nd5 Bxd5 13. exd5 Ne5 14. a4
Re8 15. a5 Bf8 16. Qd2 g6 17. Rb4 Qd7 18. Rf1 Bg7 19. Bg5 Qe7 20. Bd1 Ned7
21. Rxb7 Qf8 22. c3 Ne4 23. Qf4 Ndf6 24. Bxf6 Nxf6 25. Nd4 Rab8 26. Rxb8
Rxb8 27. Bb3 Nd7 28. Bc4 Rxb2 29. Bxa6 Ne5 30. Nc6 Rc2 31. Bb7 Rxc3 32. a6
Rc4 33. Qd2 Ra4 34. Qc2 Ra3 35. a7 Nxc6 36. dxc6 {Black resigns} 1-0

[Event "ICC tourney 2010 (45 10)"]
[Site "Internet Chess Club"]
[Date "2020.09.19"]
[Round "2"]
[White "IAlwaysWin"]
[Black "Brian6712"]
[Result "1-0"]
[ICCResult "Black checkmated"]
[WhiteElo "2132"]
[BlackElo "2022"]
[Opening "Réti opening"]
[ECO "A06"]
[NIC "QP.09"]
[Time "13:32:20"]
[TimeControl "2700+10"]

1. Nf3 d5 2. e3 c5 3. b3 Nf6 4. Bb2 Bf5 5. d3 e6 6. g3 Nc6 7. Bg2 Be7 8. O-O
O-O 9. Nbd2 Qc7 10. Qe2 Bg6 11. e4 dxe4 12. dxe4 Rfd8 13. a3 Bh5 14. e5 Nd7
15. Qe3 Nf8 16. Rfe1 Rd7 17. h3 Bxf3 18. Nxf3 Rad8 19. Qe2 Nd4 20. Nxd4 cxd4
21. Rad1 Qa5 22. a4 Bb4 23. Rf1 Qc5 24. Kh2 Rc8 25. Be4 b6 26. Bd3 Rcd8 27.
Bc1 h6 28. Qe4 Qe7 29. f4 f6 30. exf6 Qxf6 31. Bc4 Kh8 32. Rf3 Bc5 33. Rdf1
Re7 34. Bd2 a5 35. Bd3 Kg8 36. g4 Bd6 37. Kg2 Qh4 38. Be1 Qf6 39. Bd2 Qh4
40. Be1 Qf6 41. Bf2 Bb8 42. Bg3 Rf7 43. f5 Bxg3 44. fxe6 Qxe6 45. Rxf7 Qxe4+
46. Bxe4 Bd6 47. Rb7 Bc5 48. Rff7 Ne6 49. Bf5 Nf4+ 50. Kf3 Nxh3 51. Rxg7+
Kh8 52. Rh7+ Kg8 53. Be6+ Kf8 54. Rh8# {Black checkmated} 1-0

[Event "ICC tourney 2010 (45 10)"]
[Site "Internet Chess Club"]
[Date "2020.09.19"]
[Round "2"]
[White "MrNormalName"]
[Black "Solidwrench2"]
[Result "0-1"]
[ICCResult "White resigns"]
[WhiteElo "2178"]
[BlackElo "2029"]
[Opening "King's Indian: orthodox, Aronin-Taimanov, 9.Ne1"]
[ECO "E98"]
[NIC "KI.03"]
[Time "13:32:45"]
[TimeControl "2700+10"]

1. d4 Nf6 2. c4 g6 3. Nc3 Bg7 4. e4 d6 5. Nf3 O-O 6. Be2 e5 7. O-O Nc6 8. d5
Ne7 9. Ne1 Ne8 10. Be3 f5 11. f3 f4 12. Bf2 h5 13. c5 g5 14. cxd6 cxd6 15.
Rc1 Rf6 16. Nb5 b6 17. Qc2 Bd7 18. Qb3 a6 19. Nc7 Nxc7 20. Bxb6 g4 21. Bxc7
Qe8 22. Qb4 Qg6 23. Nd3 g3 24. Nxe5 gxh2+ 25. Kh1 dxe5 26. Qxe7 Ba4 27. Qb4
Qg3 28. Qe1 Qg5 29. Kxh2 Rg6 30. Qf2 h4 31. Rh1 Bd7 32. Kg1 h3 33. Rh2 Kf7
34. Kf1 hxg2+ 35. Kg1 Rh8 36. Rxh8 Bxh8 37. Bf1 gxf1=Q+ 38. Kxf1 Bb5+ 39.
Ke1 Qg1+ 40. Qxg1 Rxg1+ 41. Kd2 Rxc1 42. Kxc1 Be2 43. Kd2 Bxf3 44. Kd3 Bg2
45. b4 Bf1+ 46. Kd2 Bb5 47. Bb8 Bf6 48. Bc7 Bg5 49. Bxe5 f3+ 50. Ke1 Bh4+
51. Kd2 f2 52. a4 Bxa4 53. Ke2 Bb5+ {White resigns} 0-1

[Event "ICC tourney 2010 (45 10)"]
[Site "Internet Chess Club"]
[Date "2020.09.19"]
[Round "2"]
[White "drberkley"]
[Black "Chessking2008"]
[Result "0-1"]
[ICCResult "White resigns"]
[WhiteElo "1908"]
[BlackElo "2188"]
[Opening "Sicilian: Grand Prix attack"]
[ECO "B23"]
[NIC "SI.44"]
[Time "13:31:53"]
[TimeControl "2700+10"]

1. e4 c5 2. Nc3 Nc6 3. f4 g6 4. Nf3 Bg7 5. Bb5 Nd4 6. O-O a6 7. Bd3 d6 8.
Nxd4 cxd4 9. Ne2 e5 10. c3 dxc3 11. dxc3 Nf6 12. h3 O-O 13. Be3 b5 14. Qc2
Bb7 15. Rad1 Qc7 16. fxe5 dxe5 17. Ng3 Rac8 18. a3 Nd7 19. Qf2 Nc5 20. Bc2
h5 21. h4 Ne6 22. Ne2 Qe7 23. Rd2 Rfd8 24. Rfd1 Rxd2 25. Rxd2 Rd8 26. Rxd8+
Qxd8 27. g3 Bf8 28. Nc1 a5 29. Nd3 Qd6 30. Qf3 f5 31. Nf2 Kg7 32. Qe2 f4 33.
gxf4 exf4 34. e5 Qe7 35. Qd3 Qe8 36. Bd2 Nc5 37. Qh3 Qxe5 38. b4 Ne6 39. Qd3
Qf6 40. Ne4 Qf5 41. Qd7+ Qf7 42. Qd3 Be7 43. Qxb5 Bxe4 44. Bxe4 axb4 45.
cxb4 Bxh4 46. Bc3+ Bf6 47. Bxf6+ Qxf6 48. a4 Qd4+ 49. Kf1 Qxe4 50. Qd7+ Kf6
51. Qd6 f3 52. Qd2 Qe2+ 53. Qxe2 fxe2+ 54. Kxe2 Ke5 55. a5 Nc7 56. Kf3 Kd5
57. Kf4 Kc4 58. Kg5 Kxb4 59. Kxg6 h4 {White resigns} 0-1

[Event "ICC tourney 2010 (45 10)"]
[Site "Internet Chess Club"]
[Date "2020.09.19"]
[Round "3"]
[White "Baseballchamp"]
[Black "mopaska1106"]
[Result "1-0"]
[ICCResult "Black resigns"]
[WhiteElo "2084"]
[BlackElo "2015"]
[Opening "Sicilian: Alapin's variation (2.c3)"]
[ECO "B22"]
[NIC "SI.46"]
[Time "16:03:56"]
[TimeControl "2700+10"]

1. e4 c5 2. c3 Nf6 3. e5 Nd5 4. Nf3 d6 5. Bc4 e6 6. O-O Nc6 7. exd6 Bxd6 8.
d4 cxd4 9. cxd4 Nce7 10. Nc3 O-O 11. Bg5 Nxc3 12. bxc3 h6 13. Bh4 b6 14. Qd3
Bb7 15. Bb3 Qc7 16. Bg3 Rac8 17. Bc2 g6 18. Qe3 Bxg3 19. hxg3 Qxc3 20. Bd3
Nd5 21. Qe2 Nb4 22. Be4 Ba6 23. Qd1 Bxf1 24. Kxf1 Rfd8 25. Rb1 Nxa2 26. Qe2
Nb4 27. Bxg6 Qc4 28. Bxf7+ Kxf7 29. Ne5+ {Black resigns} 1-0

[Event "ICC tourney 2010 (45 10)"]
[Site "Internet Chess Club"]
[Date "2020.09.19"]
[Round "3"]
[White "town"]
[Black "GutsyEdge"]
[Result "1/2-1/2"]
[ICCResult "Game drawn by mutual agreement"]
[WhiteElo "2149"]
[BlackElo "2072"]
[Opening "Sicilian: Kan, Maróczy bind (Réti variation)"]
[ECO "B41"]
[NIC "SI.41"]
[Time "16:03:55"]
[TimeControl "2700+10"]

1. e4 c5 2. Nf3 e6 3. d4 cxd4 4. Nxd4 a6 5. c4 Nf6 6. Nc3 Bb4 7. Qd3 O-O 8.
e5 Ne8 9. Bf4 d6 10. Nc2 Bxc3+ 11. Qxc3 dxe5 12. Rd1 Qe7 13. Bxe5 Nc6 14.
Be2 Nxe5 15. Qxe5 Qf6 16. f4 Qe7 17. Bf3 Nf6 18. Qd6 Qxd6 19. Rxd6 Re8 20.
Kf2 h5 21. Rhd1 e5 22. fxe5 Ng4+ 23. Kg3 Nxe5 24. Rd8 Be6 25. Rxa8 Rxa8 26.
Bxb7 Rb8 27. Bxa6 Rxb2 28. Ne3 g5 29. h4 Rxa2 30. Bb5 Ra3 31. Kf2
{Game drawn by mutual agreement}
1/2-1/2

[Event "ICC tourney 2010 (45 10)"]
[Site "Internet Chess Club"]
[Date "2020.09.19"]
[Round "3"]
[White "Tombstone"]
[Black "funplaychess"]
[Result "0-1"]
[ICCResult "White checkmated"]
[WhiteElo "2020"]
[BlackElo "2373"]
[Opening "Queen's pawn game"]
[ECO "E10"]
[NIC "QI.01"]
[Time "16:04:47"]
[TimeControl "2700+10"]

1. d4 Nf6 2. c4 e6 3. Nf3 d5 4. g3 Bb4+ 5. Nbd2 O-O 6. Bg2 b6 7. O-O Bb7 8.
b3 Nbd7 9. Bb2 Re8 10. Rc1 a5 11. Ne5 Nxe5 12. dxe5 Nd7 13. f4 Qc8 14. cxd5
Bxd5 15. Bxd5 exd5 16. Nf3 Qb7 17. Qc2 a4 18. Qf5 Nf8 19. Qg4 axb3 20. axb3
Ra2 21. Ba1 Qa6 22. Nd4 Bc5 23. e3 Qd3 24. Rc3 Qd2 25. Rc2 Rxc2 26. Nxc2
Qxc2 27. e6 Bxe3+ 28. Kh1 Qe4+ 29. Rf3 Qb1+ 30. Kg2 Qxa1 31. Rxe3 fxe6 32.
f5 Qf6 33. fxe6 Rxe6 34. Rf3 Qe7 35. Qf5 c6 36. g4 Rf6 37. Qd3 Rxf3 38. Qxf3
Qe4 39. Qxe4 dxe4 40. Kf2 Nd7 41. Ke3 Nc5 42. b4 Na6 43. b5 cxb5 44. Kxe4 g6
45. Kd4 Kf7 46. Ke5 b4 47. Kd4 b5 48. Kd3 Kf6 49. Kd4 Kg5 50. h3 Kh4 51. Kd3
Kxh3 52. Kd4 Kxg4 53. Kd3 g5 54. Kd4 h5 55. Kd3 h4 56. Kd4 Kf4 57. Kd3 g4
58. Kd4 g3 59. Kd3 h3 60. Kd4 g2 61. Kd3 h2 62. Kd4 g1=Q+ 63. Kd3 Nc5+ 64.
Kc2 Qf2+ 65. Kd1 h1=Q# {White checkmated} 0-1

[Event "ICC tourney 2010 (45 10)"]
[Site "Internet Chess Club"]
[Date "2020.09.19"]
[Round "3"]
[White "jy2020"]
[Black "Aryangambit"]
[Result "1-0"]
[ICCResult "Black checkmated"]
[WhiteElo "2251"]
[BlackElo "2080"]
[Opening "Sicilian: dragon, Yugoslav attack, 10.O-O-O"]
[ECO "B78"]
[NIC "SI.18"]
[Time "16:03:51"]
[TimeControl "2700+10"]

1. e4 c5 2. Nf3 d6 3. d4 cxd4 4. Nxd4 Nf6 5. Nc3 g6 6. Be3 Bg7 7. f3 O-O 8.
Qd2 Nc6 9. Bc4 Bd7 10. O-O-O Rc8 11. Bb3 Ne5 12. Kb1 Re8 13. g4 b5 14. g5 b4
15. Nce2 Nh5 16. Ng3 a5 17. Nxh5 gxh5 18. Nf5 Nxf3 19. Qf2 Bxf5 20. exf5 Ne5
21. Bd4 Ng4 22. Qf4 Be5 23. Bxe5 dxe5 24. Qg3 Qb6 25. g6 hxg6 26. fxg6 Qxg6
27. h3 a4 28. Bxa4 Nf6 29. Qxe5 Red8 30. Rdg1 Ng4 31. hxg4 h4 32. Rxh4 Qf6
33. Qxf6 exf6 34. Bb3 Kf8 35. Rh7 f5 36. Rxf7+ Kg8 37. gxf5+ Kh8 38. Rh1+
Kg8 39. Rd7+ Kf8 40. Rh8# {Black checkmated} 1-0

[Event "ICC tourney 2010 (45 10)"]
[Site "Internet Chess Club"]
[Date "2020.09.19"]
[Round "3"]
[White "challenger2010"]
[Black "Openyagami"]
[Result "0-1"]
[ICCResult "White resigns"]
[WhiteElo "2141"]
[BlackElo "2637"]
[Opening "Réti opening"]
[ECO "A04"]
[NIC "QP.10"]
[Time "16:03:53"]
[TimeControl "2700+10"]

1. Nf3 c5 2. g3 Nc6 3. Bg2 e5 4. O-O d5 5. c4 d4 6. b4 e4 7. Ne1 Nf6 8. b5
Ne5 9. d3 e3 10. fxe3 Nfg4 11. e4 Bd6 12. Nf3 h5 13. Nh4 Nxh2 14. Kxh2 Ng4+
15. Kg1 Bxg3 16. Nf3 h4 17. Bh3 Ne3 18. Bxe3 dxe3 19. Bf5 g6 20. Bxc8 Qxc8
21. Nc3 Qg4 22. Nd5 Be5+ 23. Kh1 Qh3+ 24. Kg1 Rh5 25. Rf2 exf2+ 26. Kxf2
Qg3+ 27. Ke3 h3 28. Rb1 h2 29. Qh1 f5 30. Kd2 fxe4 31. Nxe5 Qxe5 32. Rf1
O-O-O 33. Rf7 Rxd5 34. cxd5 Qxd5 35. Rf8+ Kc7 36. Rf1 exd3 37. e4 Qxa2+ 38.
Ke3 Qe2+ 39. Kf4 Qxf1+ 40. Qxf1 h1=Q {White resigns} 0-1

[Event "ICC tourney 2010 (45 10)"]
[Site "Internet Chess Club"]
[Date "2020.09.19"]
[Round "3"]
[White "Brian6712"]
[Black "KnightHopper"]
[Result "1-0"]
[ICCResult "Black resigns"]
[WhiteElo "2097"]
[BlackElo "2038"]
[Opening "Sicilian: closed, 2...Nc6"]
[ECO "B23"]
[NIC "SI.44"]
[Time "16:04:23"]
[TimeControl "2700+10"]

1. e4 c5 2. Nc3 Nc6 3. Bb5 Nd4 4. Bc4 a6 5. Nf3 b5 6. Bd5 Rb8 7. Nxd4 cxd4
8. Ne2 Nf6 9. Nxd4 e6 10. Bb3 Nxe4 11. O-O Bc5 12. Nf3 d5 13. d4 Bd6 14. a3
O-O 15. c3 Bb7 16. Re1 Rc8 17. Nd2 f5 18. Nf1 Qh4 19. Qe2 Rf6 20. f3 Bxh2+
21. Nxh2 Ng3 22. Qe5 f4 23. Bxf4 Qxf4 24. Qxf4 Rxf4 25. Rxe6 Kf7 26. Rb6 Bc6
27. Rxc6 Rxc6 28. Bxd5+ Kg6 {Black resigns} 1-0

[Event "ICC tourney 2010 (45 10)"]
[Site "Internet Chess Club"]
[Date "2020.09.19"]
[Round "3"]
[White "Goran21"]
[Black "IndianTerritory"]
[Result "0-1"]
[ICCResult "White resigns"]
[WhiteElo "2075"]
[BlackElo "2020"]
[Opening "Caro-Kann: closed (Breyer) variation"]
[ECO "B10"]
[NIC "CK.01"]
[Time "16:03:57"]
[TimeControl "2700+10"]

1. e4 c6 2. d3 d5 3. Nd2 dxe4 4. dxe4 Nd7 5. Ngf3 e5 6. Nc4 Qc7 7. a4 Ngf6
8. Bd3 Bc5 9. O-O O-O 10. b3 b6 11. Bb2 Re8 12. c3 a5 13. Qd2 Ba6 14. Rae1
Rad8 15. Qe2 Bb7 16. Ne3 Nf8 17. Nf5 Bc8 18. Bc4 Be6 19. Rd1 Rxd1 20. Rxd1
Bxf5 21. exf5 e4 22. Ng5 e3 23. f4 Nd5 24. g3 h6 25. Nf3 Nd7 26. Kg2 N7f6
27. h3 Qc8 28. Bd3 Ne4 29. Bxe4 Rxe4 30. c4 Nf6 31. Bxf6 gxf6 32. Nh4 Qc7
33. Rd3 Re7 34. Kf3 Re8 35. g4 b5 36. Kg3 bxa4 37. bxa4 Re4 38. Ng2 Rxc4 39.
Rxe3 Rxa4 40. Re8+ Kg7 41. Qc2 Ra3+ 42. Kh2 Qd6 43. Re4 Qd3 44. Qxd3 Rxd3
45. Rc4 Bf2 46. Rc1 a4 47. Ne1 Bxe1 48. Rxe1 Rd2+ 49. Kg3 a3 50. Kh4 a2 51.
g5 fxg5+ 52. fxg5 Rd4+ 53. Kh5 hxg5 54. Kxg5 Rd5 55. Ra1 f6+ 56. Kf4 Ra5 57.
h4 Kh6 58. Ke4 Ra4+ 59. Kd3 Kh5 60. Kc3 Kxh4 61. Kb3 Ra5 62. Kb4 Rb5+ 63.
Ka3 Kg5 64. Rg1+ Kxf5 65. Kxa2 Ke4 66. Re1+ Kd3 67. Re6 f5 68. Rxc6 f4 69.
Rd6+ Ke2 70. Re6+ Kf2 71. Ka3 f3 72. Ka4 Rb8 73. Rf6 Ke2 74. Re6+ Kf1 75.
Re8 Rxe8 {White resigns} 0-1

[Event "ICC tourney 2010 (45 10)"]
[Site "Internet Chess Club"]
[Date "2020.09.19"]
[Round "3"]
[White "lmperatorX"]
[Black "KnightowlCul8r"]
[Result "1-0"]
[ICCResult "Black resigns"]
[WhiteElo "2122"]
[BlackElo "1896"]
[Opening "Sicilian: dragon, Yugoslav attack, Rauser variation"]
[ECO "B76"]
[NIC "SI.17"]
[Time "16:03:53"]
[TimeControl "2700+10"]

1. e4 c5 2. Nf3 d6 3. d4 cxd4 4. Nxd4 Nf6 5. Nc3 g6 6. Be3 Bg7 7. f3 O-O 8.
Qd2 Nc6 9. O-O-O Bd7 10. h4 h5 11. g4 hxg4 12. h5 Nxh5 13. Nf5 Bxf5 14. exf5
Ne5 15. fxg6 fxg6 16. fxg4 Nxg4 17. Bc4+ Kh8 18. Rdg1 Ne5 19. Rxg6 Rf5 20.
Qe2 Kh7 21. Rgg1 Qe8 22. Be6 Rf3 23. Rg5 {Black resigns} 1-0